 Dungeon Crawl Stone Soup version 0.21.1-1-g345015f (webtiles) character file.

11694 lyrx the Destroyer (level 11, 0/68 HPs)
             Began as a Demonspawn Conjurer on Apr 3, 2018.
             Was a High Priest of Vehumet.
             Slain by an eight-headed hydra (15 damage)
             ... on level 2 of the Lair of Beasts.
             The game lasted 01:51:21 (12577 turns).

lyrx the Destroyer (Demonspawn Conjurer)           Turns: 12577, Time: 01:51:28

Health: 0/68       AC: 10    Str:  9    XL:     11   Next: 52%
Magic:  15/23      EV: 16    Int: 21    God:    Vehumet [*****.]
Gold:   734        SH:  0    Dex: 17    Spells: 11/27 levels left

rFire    . . .     SeeInvis .   P - +4 halberd (curse)
rCold    . . .     Gourm    .   (shield currently unavailable)
rNeg     . . .     Faith    .   A - +1 leather armour of Zefarhenyu {rPois MR- Dex+3}
rPois    +         Spirit   .   (helmet restricted)
rElec    .         Reflect  .   F - +0 cloak
rCorr    .         Harm     .   e - +0 pair of gloves
MR       .....                  y - +0 pair of boots
Stlth    ++........             (no amulet)
HPRegen  0.21/turn              g - ring of wizardry
MPRegen  0.18/turn              M - +2 ring of intelligence

@: no status effects
A: horns 1, slimy green scales 2, powered by death 1, spiny 2
a: Renounce Religion


You were on level 2 of the Lair of Beasts.
You worshipped Vehumet.
Vehumet was extremely pleased with you.
You were not hungry.

You visited 3 branches of the dungeon, and saw 13 of its levels.
You also visited: Ossuary.

You collected 814 gold pieces.
You spent 80 gold pieces at shops.

Inventory:

Hand Weapons
 r - a +1 scythe
 s - a +0 hunting sling
 G - a +0 blowgun
 P - a cursed +4 halberd (weapon)
 S - a +2 long sword of holy wrath
Missiles
 d - 27 sling bullets
 f - 344 stones
 j - a steel javelin (quivered)
 k - 41 poisoned needles
 v - 3 exploding tomahawks
 x - 12 javelins
 T - 5 silver tomahawks
Armour
 e - a +0 pair of gloves (worn)
 y - a +0 pair of boots (worn)
 A - the +1 leather armour of Zefarhenyu (worn) {rPois MR- Dex+3}
   (You found it on level 5 of the Dungeon)

   It affects your dexterity (+3).
   It protects you from poison.
   It affects your resistance to hostile enchantments.
 F - a +0 cloak (worn)
 R - a +1 robe of magic resistance
Jewellery
 g - a ring of wizardry (left hand)
 u - an uncursed ring of wizardry
 H - an uncursed ring of positive energy
 M - a +2 ring of intelligence (right hand)
Wands
 o - a wand of random effects (30)
 z - a wand of clouds (6)
 D - a wand of paralysis (9)
 U - a wand of disintegration (13)
Scrolls
 h - 2 scrolls of identify
 l - 4 scrolls of enchant weapon
 m - 2 scrolls of fog
 w - 7 scrolls of teleportation
 L - a scroll of amnesia
 O - 6 scrolls of remove curse
Potions
 a - a potion of ambrosia {unknown}
 i - a potion of might
 n - 9 potions of curing
 p - a potion of haste
 q - 3 potions of flight
 t - a potion of agility
 B - a potion of berserk rage
 C - 3 potions of lignification
 E - a potion of mutation
 I - 3 potions of brilliance {unknown}
 N - a potion of heal wounds
Books
 b - a book of Conjurations

   Spells                             Type                      Level
   a - Magic Dart                     Conjuration                  1
   b - Searing Ray                    Conjuration                  2
   c - Dazzling Spray                 Conjuration/Hexes            3
   d - Fulminant Prism                Conjuration/Hexes            4
   e - Force Lance                    Conjuration/Translocation    4
   f - Iskenderun's Mystic Blast      Conjuration                  4
 J - a book of Maledictions

   Spells                             Type                      Level
   a - Corona                         Hexes                        1
   b - Ensorcelled Hibernation        Hexes/Ice                    2
   c - Confuse                        Hexes                        3
   d - Tukima's Dance                 Hexes                        3
   e - Dazzling Spray                 Conjuration/Hexes            3
 Q - a book of Changes

   Spells                             Type                      Level
   a - Beastly Appendage              Transmutation                1
   b - Sticks to Snakes               Transmutation                2
   c - Spider Form                    Transmutation/Poison         3
   d - Ice Form                       Ice/Transmutation            4
   e - Blade Hands                    Transmutation                5
Miscellaneous
 K - a lamp of fire
 V - a lightning rod (2/4)
Comestibles
 c - 18 rations


   Skills:
 + Level 7.1 Dodging
 - Level 3.0 Stealth
 + Level 8.7 Spellcasting
 * Level 13.8 Conjurations
 - Level 1.1 Poison Magic
 + Level 0.9 Evocations


You had 11 spell levels left.
You knew the following spells:

 Your Spells              Type           Power        Failure   Level  Hunger
a - Magic Dart            Conj           ####         1%          1    None
b - Searing Ray           Conj           ######       1%          2    None
c - Iskenderun's Mystic   Conj           ######..     1%          4    ###....
d - Venom Bolt            Conj/Pois      #####.....   1%          5    #####..
e - Force Lance           Conj/Tloc      #####...     1%          4    ###....


Dungeon Overview and Level Annotations

Branches:
Dungeon (10/15)            Temple (1/1) D:5            Lair (2/6) D:10
  Swamp: Lair:2-4    Shoals: Lair:2-4     Snake: Lair:2-4    Spider: Lair:2-4
    Orc: D:9-12

Altars:
Ashenzari
Cheibriados
Dithmenos
Elyvilon
Fedhas
Gozag
Hepliaklqana
Kikubaaqudgha
Makhleb
Nemelex Xobeh
Okawaru
Qazlal
Ru
Sif Muna
Trog
Uskayaw
Vehumet
Wu Jian
Xom
Yredelemnul
Zin
The Shining One

Shops:
D:9 [(%!


Innate Abilities, Weirdness & Mutations

You have a pair of small horns on your head.
You are mostly covered in slimy green scales. (AC +3)
You regenerate a little health from kills.
You are mostly covered in sharp spines.


Message History

Okay, then.
Cast which spell? (? or * to list)
Aiming: Force Lance
Press: ? - help, Shift-Dir - straight line, f - eight-headed hydra
Aim: an eight-headed hydra (lightly wounded)
The lance of force hits the eight-headed hydra.
The eight-headed hydra is moderately wounded.
The eight-headed hydra is knocked back by the lance of force.
Casting: Force Lance
Confirm with . or Enter, or press ? or * to list all spells.
Aiming: Force Lance
Press: ? - help, Shift-Dir - straight line, f/p - eight-headed hydra
Aim: an eight-headed hydra (moderately wounded)
The lance of force hits the eight-headed hydra.
The eight-headed hydra is heavily wounded.
The eight-headed hydra barely misses you.
The eight-headed hydra bites you. The eight-headed hydra bites you! x2
* * * LOW HITPOINT WARNING * * *
The eight-headed hydra bites you!
You die...

## #.........
###.####........
............#.##.
....#....%.?.....
.......P...P....
#.............#
##..#....#####.
.###...D<..#
.......@#...#
#.......#..##
#....#####..#
..#.# ..# . ##
#.# .. ...


You could see an eight-headed hydra.

Vanquished Creatures
  A hydra (Lair:1)
  A two-headed ogre (D:8)
  An unseen horror (D:10)
  Pikel (D:9)
  Psyche (D:8)
  A spiny frog (Lair:1)
  A komodo dragon (Lair:2)
  A troll (D:9)
  3 hippogriffs
  6 yaks (D:10)
  A wyvern (Lair:1)
  A spriggan (D:8)
  2 wargs (D:10)
  4 water moccasins
  The ghost of Pad the Gusty, an amateur TeAE (D:3)
  2 porcupines
  2 slaves (D:9)
  A sky beast (D:10)
  A black bear (D:7)
  3 orc warriors
  5 ogres
  A necrophage (D:10)
  5 phantoms
  2 ice beasts
  5 wolves (Lair:1)
  A crocodile (Lair:1)
  3 centaurs
  3 big kobolds
  2 elf zombies (Ossuary)
  2 bullfrogs
  5 scorpions
  5 killer bees (D:9)
  6 wights
  5 howler monkeys
  2 crimson imps
  A quasit (D:7)
  2 bullfrog zombies
  2 human zombies (Ossuary)
  2 centaur zombies
  4 hounds
  7 orc priests
  A jelly (D:5)
  12 orc wizards
  A centaur skeleton (D:9)
  4 bullfrog skeletons
  4 iguanas
  10 worker ants
  A big kobold zombie (Ossuary)
  3 hound zombies
  4 mummies
  6 gnolls
  8 adders
  A shadow imp (D:9)
  An ooze (D:4)
  3 adder skeletons
  2 adder zombies
  3 worms
  9 dart slugs
  5 leopard geckos
  45 orcs
  9 giant cockroaches
  A gnoll zombie (Ossuary)
  12 goblins
  13 hobgoblins
  13 jackals
  21 kobolds
  7 quokkas
  2 ball pythons
  3 bats
  7 frilled lizards
  2 goblin zombies (Ossuary)
  4 hobgoblin zombies (Ossuary)
  5 jackal zombies (Ossuary)
  3 kobold zombies (Ossuary)
  A leopard gecko skeleton (D:8)
  A leopard gecko zombie (D:8)
  5 orc zombies
  5 quokka zombies
  4 rats
  5 rat zombies (Ossuary)
  A fungus (Lair:1)
352 creatures vanquished.

Vanquished Creatures (others)
  A fungus (Lair:2)
1 creature vanquished.

Grand Total: 353 creatures vanquished

Notes
Turn   | Place    | Note
-------+----------+-------------------------------------------
     0 | D:1      | lyrx the Demonspawn Conjurer began the quest for the Orb.
     0 | D:1      | Reached XP level 1. HP: 13/13 MP: 3/3
   406 | D:1      | Gained mutation: You are partially covered in slimy green scales. (AC +2) [demonic ancestry]
   406 | D:1      | Reached XP level 2. HP: 19/19 MP: 0/5
  1083 | D:2      | Found a glowing golden altar of the Shining One.
  1085 | D:2      | Reached skill level 5 in Conjurations
  1085 | D:2      | Gained mutation: You are mostly covered in slimy green scales. (AC +3) [demonic ancestry]
  1085 | D:2      | Reached XP level 3. HP: 24/24 MP: 6/6
  1176 | D:2      | Learned a level 2 spell: Searing Ray
  1384 | D:2      | Found a bloodstained altar of Trog.
  1638 | D:3      | Reached XP level 4. HP: 30/30 MP: 0/7
  1713 | D:3      | Reached skill level 6 in Conjurations
  1962 | D:3      | Found a sacrificial altar of Ru.
  2006 | D:3      | Found a blossoming altar of Fedhas.
  2074 | D:3      | Gained mutation: You are partially covered in sharp spines. [demonic ancestry]
  2074 | D:3      | Reached XP level 5. HP: 35/35 MP: 3/8
  2097 | D:3      | Noticed Pad's ghost (amateur TeAE)
  2140 | D:3      | Killed Pad's ghost
  2140 | D:3      | Reached skill level 7 in Conjurations
  2276 | D:3      | Found an iron altar of Okawaru.
  2437 | D:3      | Learned a level 4 spell: Iskenderun's Mystic Blast
  2458 | D:3      | Gained mutation: You have a pair of small horns on your head. [demonic ancestry]
  2458 | D:3      | Reached XP level 6. HP: 41/41 MP: 7/9
  2936 | D:4      | Reached skill level 8 in Conjurations
  3538 | D:4      | Gained mutation: You regenerate a little health from kills. [demonic ancestry]
  3538 | D:4      | Reached XP level 7. HP: 46/46 MP: 5/10
  3600 | D:5      | Entered Level 5 of the Dungeon
  3883 | D:5      | Got a dazzling leather armour
  3894 | D:5      | Identified the +1 leather armour of Zefarhenyu {rPois MR- Dex+3} (You found it on level 5 of the Dungeon)
  4058 | D:5      | Found a bloodstained altar of Trog.
  4117 | D:5      | Reached skill level 9 in Conjurations
  4253 | D:5      | Found a staircase to the Ecumenical Temple.
  4266 | Temple   | Entered the Ecumenical Temple
  4459 | Temple   | Became a worshipper of Vehumet
  4732 | D:5      | Reached XP level 8. HP: 52/52 MP: 5/12
  5133 | D:6      | Found a sand-covered staircase.
  5174 | Ossuary  | Entered an ossuary
  5208 | Ossuary  | Reached * piety under Vehumet
  5208 | Ossuary  | Offered knowledge of Freeze by Vehumet.
  5422 | Ossuary  | Reached ** piety under Vehumet
  5422 | Ossuary  | Reached skill level 10 in Conjurations
  5429 | Ossuary  | Offered knowledge of Shock by Vehumet.
  5592 | D:6      | Found a shadowy altar of Dithmenos.
  5977 | D:6      | Reached XP level 9. HP: 57/57 MP: 3/15
  6207 | D:6      | Found a sparkling altar of Nemelex Xobeh.
  6626 | D:7      | Offered knowledge of Static Discharge by Vehumet.
  6828 | D:7      | Reached *** piety under Vehumet
  6879 | D:7      | Offered knowledge of Mephitic Cloud by Vehumet.
  7258 | D:7      | Found a glowing silver altar of Zin.
  7259 | D:7      | Noticed an angel
  7418 | D:7      | Reached skill level 5 in Dodging
  7418 | D:7      | Reached skill level 11 in Conjurations
  7475 | D:7      | Reached skill level 5 in Spellcasting
  7511 | D:7      | Found a burning altar of Makhleb.
  7511 | D:7      | Noticed a green death
  7514 | D:7      | Noticed a smoke demon
  8113 | D:8      | Reached **** piety under Vehumet
  8229 | D:8      | Offered knowledge of Ignite Poison by Vehumet.
  8357 | D:8      | Noticed a two-headed ogre
  8362 | D:8      | Killed a two-headed ogre
  8620 | D:8      | Noticed Psyche
  8624 | D:8      | Killed Psyche
  8624 | D:8      | Reached XP level 10. HP: 50/63 MP: 1/19
  9207 | D:9      | Found an ancient bone altar of Kikubaaqudgha.
  9242 | D:9      | Found Ysuss's Food Shop.
  9282 | D:9      | Reached skill level 12 in Conjurations
  9351 | D:9      | Reached ***** piety under Vehumet
  9353 | D:9      | Offered knowledge of Venom Bolt by Vehumet.
  9360 | D:9      | Learned a level 5 spell: Venom Bolt
  9386 | D:9      | Found Jecoatwudiw's Distillery.
  9434 | D:9      | Bought a potion of heal wounds for 80 gold pieces
  9480 | D:9      | Found a stormy altar of Qazlal.
  9760 | D:9      | Found Bogufitzic's Armour Shoppe.
  9761 | D:9      | Noticed Pikel
  9879 | D:9      | Killed Pikel
 10007 | D:9      | Found Ybull's Antique Weapon Boutique.
 10224 | D:10     | Entered Level 10 of the Dungeon
 10348 | D:10     | Killed an unseen horror
 10867 | D:10     | Found a staircase to the Lair.
 10886 | D:10     | Gained mutation: You are mostly covered in sharp spines. [demonic ancestry]
 10886 | D:10     | Reached XP level 11. HP: 56/68 MP: 6/22
 10886 | D:10     | Reached skill level 13 in Conjurations
 11141 | D:10     | Learned a level 4 spell: Force Lance
 11410 | Lair:1   | Entered Level 1 of the Lair of Beasts
 11677 | Lair:1   | Noticed a four-headed hydra
 11749 | Lair:1   | Killed a four-headed hydra
 12155 | Lair:1   | Offered knowledge of Olgreb's Toxic Radiance by Vehumet.
 12166 | Lair:1   | Reached skill level 1 in Poison Magic
 12451 | Lair:2   | Noticed an eight-headed hydra
 12577 | Lair:2   | Slain by an eight-headed hydra

Skill      XL: |  1  2  3  4  5  6  7  8  9 10 11 |
---------------+----------------------------------+-----
Conjurations   | 5 6 7 8 9 10 11 12 13 | 13.8
Dodging        | 2 4 6 7 |  7.1
Stealth        | 2 3 |  3.0
Spellcasting   | 3 4 6 7 8 |  8.7
Poison Magic   | 1 |  1.1
Evocations     | |  0.9

Action                   |  1- 3 |  4- 6 |  7- 9 | 10-12 || total
-------------------------+-------+-------+-------+-------++-------
Melee: Unarmed           |    13 |       |       |       ||    13
       Scythe            |     1 |    34 |   205 |    29 ||   269
       Headbutt          |       |     1 |    42 |    11 ||    54
       Halberd           |       |       |       |    49 ||    49
Throw: Javelin           |     5 |     3 |       |     2 ||    10
       Stone             |       |       |    31 |       ||    31
 Cast: Magic Dart        |    43 |    37 |    46 |    14 ||   140
       Searing Ray       |     3 |    10 |    36 |    23 ||    72
       Iskenderun's Myst |       |     4 |    36 |    63 ||   103
       Venom Bolt        |       |       |       |    14 ||    14
       Force Lance       |       |       |       |     3 ||     3
Evoke: Lightning rod     |       |       |       |     3 ||     3
  Use: Scroll            |     7 |     1 |     5 |     4 ||    17
 Stab: Sleeping          |     1 |       |    10 |     1 ||    12
       Distracted        |       |       |     2 |       ||     2
  Eat: Chunk             |     2 |     1 |    17 |    11 ||    31
       Ration            |       |     2 |     2 |     4 ||     8
Armor: Robe              |     4 |    26 |     3 |       ||    33
       Leather armour    |       |       |   107 |    53 ||   160
Dodge: Dodged            |    14 |    36 |   201 |   119 ||   370
